 Dungeon Crawl Stone Soup version 0.31-a0-1066-g35875b34c7 (webtiles) character file.

Game seed: 9904097141341534779

123 Maratek the Covered (level 4, -3/41 HPs)
             Began as a Minotaur Fighter on Nov 22, 2023.
             Was a Follower of Jiyva.
             Killed from afar by Sigmund (7 damage)
             ... with a puff of flame
             ... on level 3 of the Dungeon.
             The game lasted 00:01:53 (2024 turns).

Maratek the Covered (Minotaur Fighter)              Turns: 2024, Time: 00:01:54

Health: -3/41      AC:  7    Str: 23    XL:     4   Next: 80%
Magic:  3/3        EV:  9    Int:  5    God:    Jiyva [*.....]
Gold:   81         SH:  4    Dex:  9    Spells: 3/3 levels left

rFire   . . .        a - +0 war axe
rCold   . . .        c - +0 buckler
rNeg    . . .        b - +0 scale mail
rPois   .            (helmet restricted)
rElec   .            (no cloak)
rCorr   .            (no gloves)
SInv    .            (no boots)
Will    .....        (no amulet) Stlth
                     (no ring)
HPRegen 1.06/turn    (no ring)
MPRegen 0.33/turn

%: no passive effects
@: no status effects
A: horns 2, retaliatory headbutt
a: Renounce Religion


You were on level 3 of the Dungeon.
You worshipped Jiyva.
Jiyva was aware of your devotion.
You visited 1 branch of the dungeon, and saw 3 of its levels.

You collected 81 gold pieces.

Inventory:

Hand Weapons
 a - a +0 war axe (weapon)
Armour
 b - a +0 scale mail (worn)
 c - a +0 buckler (worn)
Jewellery
 k - a ring of wizardry
Scrolls
 e - a scroll of noise
 f - a scroll of immolation
 h - a scroll of revelation
Potions
 d - 2 potions of might
 j - a potion of lignification {unknown}
 l - 2 potions of magic {unknown}
 m - a potion of heal wounds {unknown}
 n - a potion of haste {unknown}


   Skills:
 + Level 4.5 Fighting
 + Level 3.7 Axes
 + Level 4.6 Armour
 + Level 4.6 Shields


You had 3 spell levels left.
You didn't know any spells.
Your spell library contained the following spells:

 Spells                   Type           Power      Damage    Failure   Level
 Ensorcelled Hibernation  Hex/Ice        0%         N/A       93%         2
 Jinxbite                 Hex            0%         N/A       93%         2
 Tukima's Dance           Hex            0%         N/A       99%         3
 Anguish                  Hex/Necr       0%         N/A       100%        4
 Dimensional Bullseye     Hex/Tloc       0%         N/A       100%        4
 Iskenderun's Mystic Bla  Conj/Tloc      0%         2d3       100%        4


Dungeon Overview and Level Annotations

Branches:
Dungeon (3/15)

Altars:
Jiyva

Shops:
D:1 ?

Annotations:
D:3 Sigmund


Innate Abilities, Weirdness & Mutations

You have a pair of horns on your head.
You reflexively headbutt those who attack you in melee.


Message History

The scorpion stings you but does no damage.
The scorpion attacks as it pursues you!
The scorpion stings you but does no damage.
The scorpion stings you.
You are poisoned.
The scorpion poisons you!
You feel sick.
You feel sick. The scorpion attacks as it pursues you!
The scorpion stings you but does no damage.
You feel sick.
You feel sick.
You feel sick. The scorpion attacks as it pursues you!
The scorpion barely misses you.
The scorpion stings you but does no damage.
You feel sick. The scorpion attacks as it pursues you!
The scorpion stings you but does no damage.
You feel sick.
You feel sick.
You are no longer poisoned.
The scorpion attacks as it pursues you! The scorpion closely misses you.
You furiously retaliate!
You headbutt the scorpion!
You kill the scorpion!
You hear a zap.
A puff of flame appears from out of thin air!
The puff of flame hits you!
* * * LOW HITPOINT WARNING * * *
You have reached level 4!
You feel stronger.
You hear a zap.
A puff of flame appears from out of thin air!
The puff of flame hits you!
* * * LOW HITPOINT WARNING * * *
You hear a zap.
A puff of flame appears from out of thin air!
The puff of flame hits you.
* * * LOW HITPOINT WARNING * * *
You hear a zap.
A puff of flame appears from out of thin air!
The puff of flame hits you!
You die...

#.........#
#........{#
#.........#
#.........#
#####'###.#
#.# #.#
############.#
#.# ###
.............#
#.# #<#
##############
#@# #.#
.........# #.#
#.# ########.#
#.#######.#
########.#
#.........#
......†..#
#########.#
########.# #.#
#.# #.# #.#
#.# ### ###


There were no monsters in sight!

Vanquished Creatures
  A scorpion (D:3)
  An adder (D:2)
  2 dart slugs
  8 ball pythons
  3 bats
  5 endoplasms
  2 giant cockroaches
  5 goblins
  5 hobgoblins
  5 jackals
  3 kobolds
  A quokka (D:2)
  2 rats
43 creatures vanquished.

Notes
Turn   | Place    | Note
-------+----------+-------------------------------------------
     0 | D:1      | Maratek the Minotaur Fighter began the quest for the Orb.
     0 | D:1      | Reached XP level 1. HP: 19/19 MP: 0/0
    98 | D:1      | Reached XP level 2. HP: 15/27 MP: 1/1
   613 | D:1      | Found Nokivite's Magic Scroll Emporium.
  1010 | D:2      | Reached XP level 3. HP: 33/33 MP: 2/2
  1448 | D:2      | Found a faded altar of an unknown god.
  1813 | D:2      | Prayed at the altar of an unknown god.
  1813 | D:2      | Became a worshipper of Jiyva Jivount the Shapeless
  1813 | D:2      | Reached * piety under Jiyva
  1985 | D:3      | Noticed Sigmund
  1987 | D:3      | Noticed a scorpion
  2017 | D:3      | Killed a scorpion
  2018 | D:3      | Reached XP level 4. HP: 9/41 MP: 3/3
  2023 | D:3      | HP: 2/41 [something/puff of flame (3)]
  2024 | D:3      | Killed from afar by Sigmund

Illustrated notes

Levels and vault maps discovered:
D:1:      tarquinn_simple_flora_water_e, layout_basic, serial_shops, shop
D:2:      layout_basic, shapermc_ecumenical_altar_hornbeckon,
          kennysheep_generic_room_13
D:3:      cheibrodos_greedy_goblins, layout_basic, uniq_sigmund, uniq_ijyb

Skill      XL: |  1  2 |
---------------+-------+-----
Fighting       | 4 |  4.5
Shields        | 4 |  4.6
Armour         | 4 |  4.6
Axes           | 3 |  3.7

Action                     |  1- 3 |  4- 6 || total
---------------------------+-------+-------++-------
  Melee: War axe           |   101 |       ||   101
         Headbutt          |    12 |       ||    12
    Use: Scroll            |     4 |       ||     4
         Potion            |     1 |       ||     1
 Armour: Scale mail        |    90 |     3 ||    93
  Dodge: Dodged            |    56 |       ||    56
  Block: Buckler           |    25 |       ||    25

Table legend: (Time is in decaauts)
 A = Elapsed time spent in this place.
 B = Non-inter-level travel time spent in this place.
 C = Inter-level travel time spent in this place.
 D = Time resting spent in this place.
 E = Time spent auto-exploring this place.
 F = Levels seen in this place.
 G = Mean time per level.
                   A        B        C        D        E       F      G
               +--------+--------+--------+--------+--------+-----+--------+
         Total |   2065 |   1964 |    101 |      0 |   1649 |   3 |  688.3 |
       Dungeon |   2065 |   1964 |    101 |      0 |   1649 |   3 |  688.3 |
               +--------+--------+--------+--------+--------+-----+--------+

Top non-repeatable levels by time:
     D:2: 1095 daAuts
     D:1: 799 daAuts
     D:3: 171 daAuts
